Map: Frost LE

Players

lIlIlIlIlIlI - Winner!

  • Race: Zerg Zerg
  • League: Grandmaster

IIIIIIIIIIII

  • Race: Protoss Protoss
  • League: Grandmaster

VOD

Have the link to the VOD?

Description

Time

  • Played on: Aug. 10, 2016, 1:14 a.m.
  • Length: 13:35
Show
View Real Time Build Order
Export as new Build Order

lIlIlIlIlIlI Zerg - Winner!

Build Orders: Hatch First, Lurkers, Zergling Baneling 

Get SALT Encoding   

  12  0:02  Drone  
  13  0:13  Overlord  
  13  0:17  Drone  
  14  0:23  Extractor  
  14  0:25  Drone  
  15  0:31  Drone  
  15  0:35  Drone  
  17  0:54  Hatchery  
  16  0:58  Drone  
  16  1:00  Drone  
  16  1:02  Extractor  
  17  1:16  Spawning Pool  
  16  1:18  Drone  
  16  1:24  Drone  
  18  1:29  Drone  
  19  1:39  Overlord  
  19  2:03  Zergling x4, Metabolic Boost  
  23  2:09  Queen  
  23  2:20  Hatchery  
  22  2:23  Drone  
  22  2:26  Drone  
  24  2:30  Drone  
  25  2:39  Drone x3  
  28  2:52  Pneumatized Carapace  
  28  2:54  Zergling x6  
  28  2:57  Zergling x2  
  32  3:03  Drone  
  33  3:11  Drone x2  
  35  3:15  Drone  
  36  3:23  Overlord  
  36  3:24  Baneling Nest  
  36  3:26  Evolution Chamber  
  34  3:28  Drone x2  
  36  3:44  Drone x5  
  36  3:46  Drone  
  42  3:58  Overlord  
  42  3:59  Drone  
  42  4:01  Drone x2  
  45  4:02  Extractor  
  45  4:03  Overlord  
  45  4:06  Drone x3  
  45  4:08  Baneling  
  45  4:09  Baneling  
  47  4:13  Baneling  
  47  4:15  Overlord  
  47  4:23  Queen x2  
  51  4:24  Zergling x4  
  51  4:25  Zergling x2  
  51  4:29  Baneling x2  
  54  4:34  Queen  
  54  4:37  Drone  
  54  4:38  Baneling, Drone  
  58  4:39  Drone x2  
  60  4:48  Overlord  
  60  4:50  Zergling x10  
  65  4:54  Baneling x2  
  65  4:57  Zergling x2  
  65  4:59  Zergling x2  
  67  5:00  Zergling x2  
  67  5:02  Zergling x2  
  67  5:03  Zergling x2  
  69  5:12  Zergling x4  
  69  5:13  Zergling x2  
  68  5:17  Zergling x4  
  63  5:23  Zergling x2  
  63  5:28  Queen  
  65  5:29  Zergling x4, Lair  
  65  5:34  Overlord  
  67  5:38  Overlord  
  67  5:39  Zergling x2  
  67  5:40  Zergling x8  
  67  5:42  Queen  
  74  5:43  Zerg Melee Weapons Level 1  
  74  5:45  Baneling  
  74  5:49  Overlord  
  70  5:53  Drone x2  
  70  5:54  Drone  
  69  5:58  Drone x2  
  71  6:04  Drone x2  
  71  6:09  Overlord  
  73  6:13  Overlord  
  73  6:16  Zergling x6  
  76  6:23  Drone x2  
  78  6:26  Drone, Extractor  
  78  6:30  Centrifical Hooks, Hydralisk Den  
  78  6:31  Drone  
  78  6:32  Drone  
  78  6:35  Overlord  
  78  6:39  Drone  
  77  6:41  Drone x3, Extractor  
  77  6:43  Drone  
  77  6:45  Extractor  
  79  7:00  Overlord  
  79  7:01  Muscular Augments  
  79  7:02  Drone x3  
  79  7:03  Drone x5  
  79  7:08  Drone x2  
  89  7:14  Baneling x5  
  89  7:15  Baneling  
  89  7:17  Drone x2  
  89  7:18  Drone x2  
  89  7:20  Extractor  
  90  7:28  Zergling x8  
  86  7:37  Hatchery  
  86  7:38  Zergling x8  
  86  7:39  Zergling x4  
  86  7:43  Zerg Melee Weapons Level 2  
  86  7:46  Hydralisk x3  
  86  7:48  Evolution Chamber  
  91  7:56  Hydralisk x4  
  99  8:04  Hydralisk x4  
  107  8:12  Lurker Den  
  107  8:14  Zergling x8  
  107  8:19  Baneling x3  
  111  8:20  Overlord  
  111  8:28  Overseer  
  111  8:30  Hydralisk x2  
  111  8:31  Hydralisk x2  
  111  8:32  Zergling x2  
  120  8:35  Zergling x2  
  120  8:36  Zergling x4  
  123  8:42  Hydralisk  
  123  8:43  Hydralisk x2  
  129  8:55  Hydralisk x3  
  131  8:57  Zergling x2  
  131  8:58  Zergling x2  
  131  8:59  Zergling x8  
  141  9:03  Zergling x4  
  141  9:06  Zerg Ground Armor Level 1  
  143  9:10  Zergling x2  
  143  9:16  Overlord  
  141  9:19  Baneling x4  
  141  9:20  Baneling, Zergling x2  
  141  9:21  Zergling x2  
  143  9:27  Overlord x2  
  143  9:29  Overlord  
  143  9:32  Queen, Extractor  
  143  9:33  Extractor  
  143  9:35  Infestation Pit  
  137  9:46  Lurker x5  
  137  9:48  Zergling x2  
  137  9:49  Zergling x20  
  137  9:52  Zergling x2, Lurker  
  155  9:53  Zergling x2  
  155  9:54  Zergling x2  
  157  10:04  Spine Crawler  
  157  10:05  Spine Crawler  
  157  10:07  Zergling x10  
  156  10:10  Baneling  
  156  10:11  Baneling x6  
  156  10:12  Baneling x3  
  156  10:13  Baneling  
  160  10:14  Lurker  
  160  10:19  Baneling x4  
  161  10:24  Overlord  
  161  10:29  Overlord  
  155  10:41  Hydralisk  
  140  10:43  Baneling x9  
  139  10:50  Hydralisk  
  139  10:51  Hydralisk  
  139  10:52  Zergling x16  
  139  10:54  Overlord  
  150  11:03  Zergling x2  
  135  11:04  Zergling x4  
  135  11:09  Zergling x2  
  135  11:10  Zergling x4  
  119  11:13  Zergling x6  
  119  11:16  Hydralisk x3  
  121  11:19  Zergling x2  
  121  11:25  Hydralisk x3  
  122  11:32  Overlord  
  125  11:34  Zergling x2  
  125  11:38  Zergling x4  
  125  11:43  Lurker x4  
  125  11:44  Zergling x2, Lurker  
  128  12:00  Zergling x2  
  128  12:01  Zergling x12  
  135  12:02  Zergling x2  
  136  12:10  Baneling x8  
  136  12:15  Zergling x8  
  140  12:19  Lurker  
  140  12:20  Lurker  
  142  12:24  Zergling x8  
  142  12:25  Zergling x2  
  142  12:29  Zergling x2  
  149  12:30  Zergling x4  
  149  12:33  Overlord  
  150  12:39  Overlord  
  145  12:46  Zergling x12  
  145  12:49  Baneling  
  145  12:50  Baneling x4  
  148  13:04  Overlord  
  140  13:07  Hydralisk x2  
  140  13:12  Lurker x4  
  144  13:13  Lurker  
Show
View Real Time Build Order
Export as new Build Order

IIIIIIIIIIII Protoss 

Build Orders: 1 Gate Expand 

Get SALT Encoding   

  12  0:01  Probe (Chrono Boost)  
  13  0:12  Probe (Chrono Boost)  
  14  0:17  Pylon  
  14  0:22  Probe (Chrono Boost)  
  15  0:36  Gateway, Probe (Chrono Boost)  
  16  0:44  Assimilator  
  16  0:46  Probe (Chrono Boost)  
  18  0:57  Probe (Chrono Boost)  
  18  1:07  Probe (Chrono Boost)  
  19  1:20  Nexus  
  19  1:23  Probe (Chrono Boost)  
  20  1:33  Cybernetics Core  
  20  1:36  Probe (Chrono Boost)  
  21  1:41  Assimilator  
  21  1:47  Probe (Chrono Boost)  
  22  1:52  Pylon  
  22  1:57  Probe (Chrono Boost)  
  23  2:06  Adept  
  23  2:10  Warp Gate  
  23  2:12  Probe (Chrono Boost)  
  27  2:24  Twilight Council, Probe (Chrono Boost)  
  27  2:30  Stalker  
  27  2:34  Probe (Chrono Boost)  
  31  2:38  Probe (Chrono Boost)  
  31  2:44  Probe (Chrono Boost)  
  31  2:47  Resonating Glaives  
  31  2:50  Probe (Chrono Boost)  
  33  2:55  Probe (Chrono Boost)  
  34  3:02  Probe (Chrono Boost)  
  36  3:05  Probe (Chrono Boost)  
  37  3:14  Probe (Chrono Boost)  
  37  3:16  Probe (Chrono Boost)  
  37  3:19  Gateway  
  38  3:20  Gateway  
  38  3:26  Probe x2 (Chrono Boost)  
  40  3:28  Robotics Facility  
  40  3:37  Pylon, Probe (Chrono Boost)  
  40  3:38  Probe (Chrono Boost)  
  42  3:41  Pylon  
  42  3:45  Pylon  
  42  3:48  Mothership Core (Chrono Boost)  
  44  3:50  Probe (Chrono Boost)  
  44  3:54  Assimilator  
  45  4:02  Probe (Chrono Boost)  
  46  4:06  Probe (Chrono Boost)  
  47  4:11  Warp Prism  
  47  4:14  Probe (Chrono Boost)  
  47  4:15  Adept x3  
  57  4:30  Nexus  
  56  4:35  Adept x2  
  56  4:37  Adept  
  62  4:41  Pylon  
  62  4:44  Observer  
  64  4:47  Probe x2 (Chrono Boost)  
  64  4:49  Pylon  
  65  4:55  Forge  
  65  4:59  Probe x2 (Chrono Boost)  
  67  5:11  Probe (Chrono Boost)  
  68  5:16  Probe (Chrono Boost)  
  68  5:18  Adept x3  
  52  5:22  Protoss Ground Weapons Level 1, Probe (Chrono Boost)  
  52  5:27  Probe (Chrono Boost)  
  50  5:33  Probe (Chrono Boost)  
  50  5:34  Observer  
  52  5:37  Probe (Chrono Boost)  
  54  5:43  Probe (Chrono Boost)  
  54  5:47  Adept  
  54  5:48  Adept, Probe (Chrono Boost)  
  59  5:56  Probe (Chrono Boost)  
  59  5:57  Probe (Chrono Boost)  
  53  5:58  Observer  
  53  6:00  Sentry x2  
  53  6:01  Probe (Chrono Boost)  
  59  6:07  Probe (Chrono Boost)  
  59  6:08  Probe (Chrono Boost)  
  59  6:13  Probe (Chrono Boost)  
  59  6:17  Pylon  
  59  6:18  Probe (Chrono Boost)  
  61  6:22  Sentry  
  61  6:23  Adept  
  61  6:24  Adept  
  67  6:28  Probe x3 (Chrono Boost)  
  70  6:32  Observer  
  72  6:40  Probe (Chrono Boost)  
  72  6:42  Probe (Chrono Boost)  
  72  6:44  Probe (Chrono Boost)  
  72  6:46  Stalker  
  72  6:47  Stalker x2  
  78  6:52  Probe (Chrono Boost)  
  78  6:53  Probe (Chrono Boost)  
  82  6:55  Immortal  
  82  6:58  Probe (Chrono Boost)  
  87  7:10  Stalker x2, Probe x2 (Chrono Boost)  
  87  7:14  Protoss Ground Weapons Level 2  
  93  7:17  Probe (Chrono Boost)  
  93  7:22  Probe x2 (Chrono Boost)  
  96  7:23  Stalker  
  96  7:28  Probe (Chrono Boost)  
  99  7:34  Probe x2 (Chrono Boost)  
  99  7:39  Probe (Chrono Boost)  
  96  7:46  Probe x2 (Chrono Boost)  
  96  7:47  Pylon  
  96  7:49  Probe (Chrono Boost)  
  96  7:50  Gateway  
  96  7:51  Photon Cannon  
  99  7:53  Gateway  
  99  7:54  Stalker  
  101  8:00  Gateway  
  101  8:07  Gateway x2, Assimilator  
  101  8:12  Pylon, Assimilator  
  101  8:13  Pylon  
  101  8:15  Pylon  
  101  8:18  Immortal, Stalker x2  
  105  8:26  Blink  
  109  8:30  Probe (Chrono Boost)  
  109  8:32  Probe x2 (Chrono Boost)  
  112  8:41  Probe (Chrono Boost)  
  112  8:44  Probe x2 (Chrono Boost)  
  114  8:55  Gateway  
  117  8:57  Gateway  
  117  8:59  Gateway  
  117  9:00  Pylon  
  114  9:04  Sentry x2  
  114  9:05  Stalker x2, Sentry x2  
  124  9:21  Adept x2  
  128  9:25  Immortal, Pylon  
  128  9:27  Pylon  
  124  9:46  Adept x8  
  140  10:04  Immortal  
  144  10:11  Nexus  
  144  10:13  Pylon  
  144  10:14  Pylon, Charge  
  144  10:18  Stalker x4, Adept  
  144  10:19  Stalker  
  156  10:36  Adept x3  
  156  10:37  Adept x2  
  156  10:44  Observer  
  142  10:53  Stalker x6  
  115  11:05  Observer  
  115  11:07  Stalker x4  
  88  11:20  Adept x3  
  88  11:21  Zealot  
  88  11:22  Zealot  
  98  11:27  Observer  
  100  11:33  Probe (Chrono Boost)  
  100  11:44  Probe x2 (Chrono Boost)  
  100  11:45  Probe (Chrono Boost)  
  103  11:49  Immortal  
  107  11:54  Robotics Facility  
  107  11:55  Probe (Chrono Boost)  
  107  11:56  Probe (Chrono Boost)  
  107  11:57  Probe x2 (Chrono Boost)  
  111  12:06  Probe (Chrono Boost)  
  113  12:08  Probe (Chrono Boost)  
  113  12:09  Pylon  
  113  12:11  Pylon  
  117  12:30  Photon Cannon  
  117  12:31  Photon Cannon, Pylon  
  117  12:32  Photon Cannon  
  113  12:48  Zealot  
  113  12:49  Adept x5  
  112  13:04  Adept  
  112  13:05  Adept x4  
  126  13:17  Stalker  
  126  13:18  Stalker x3  
Tags
 
Add a new tag
Caveats
  • Supply blocks, unpowered buildings, or Contaminate may cause inaccurate times.
  • Supply counts are checked every 10 seconds.